 Dungeon Crawl Stone Soup version 0.26-a0-812-g31a745ddcd (webtiles) character file.

Game seed: 14608028215553099696

2 kae the Insei (level 1, -1/12 HPs)
             Began as a Tengu Transmuter on Nov 16, 2020.
             Succumbed to a kobold's poison
             ... on level 1 of the Dungeon.
             The game lasted 00:00:11 (119 turns).

kae the Insei (Tengu Transmuter)                     Turns: 119, Time: 00:00:12

Health: -1/12      AC:  3    Str: 10    XL:     1   Next: 40%
Magic:  3/4        EV: 12    Int: 13    God:
Gold:   17         SH:  0    Dex: 14    Spells: 3/4 levels left

rFire    . . .     SeeInvis .     - Unarmed
rCold    . . .     Faith    .   (no shield)
rNeg     . . .     Spirit   .   a - +0 robe
rPois    .         Reflect  .   (helmet currently unavailable)
rElec    .         Harm     .   b - +0 cloak {Stlth+}
rCorr    .         Rampage  .   (no gloves)
MR       .....                  (boots unavailable)
Stlth    +.........             (no amulet)
HPRegen  0.04/turn              (no ring)
MPRegen  0.09/turn              (no ring)

@: lethally poisoned (-1 -> -24), appendages (expiring)
A: beak, horns 2, talons 3
a: End Transformation


You were on level 1 of the Dungeon.
You had grown temporary horns.
You visited 1 branch of the dungeon, and saw 1 of its levels.

You collected 17 gold pieces.

Inventory:

Armour
 a - a +0 robe (worn)
 b - a +0 cloak of stealth (worn)
Scrolls
 c - a scroll of identify {unknown}


   Skills:
 - Level 1.0 Fighting
 - Level 2.1 Dodging
 + Level 3.3 Unarmed Combat
 - Level 2.0 Spellcasting
 * Level 1.7 Transmutations


You had 3 spell levels left.
You knew the following spells:

 Your Spells              Type           Power        Failure   Level
a - Beastly Appendage     Tmut           #.....       12%         1

Your spell library contained the following spells:

 Spells                   Type           Power        Failure   Level
 Wereblood                Tmut           #.......     19%         2
 Spider Form              Tmut/Pois      #.........   47%         3
 Ice Form                 Ice/Tmut       #.......     87%         4
 Blade Hands              Tmut           #.........   98%         5


Dungeon Overview and Level Annotations

Branches:
Dungeon (1/15)

Altars:


Innate Abilities, Weirdness & Mutations

You have a beak for a mouth.
You have claws for feet.
You have a pair of horns on your head.


Message History

There is a lethal amount of poison in your body!
You hit the kobold but do no damage.
Your transformation is almost over.
You feel sick. The bat hits you but does no damage. The bat hits you.
The kobold hits you but does no damage.
You are more poisoned.
You are too injured to fight recklessly!
There is a lethal amount of poison in your body!
You are too injured to fight recklessly!
You are too injured to fight recklessly!
There is a lethal amount of poison in your body!
You are too injured to fight recklessly!
You are too injured to fight recklessly!
You feel sick. The bat completely misses you.
There is an open door here.
* * * LOW HITPOINT WARNING * * *
You feel sick. The bat closely misses you.
* * * LOW HITPOINT WARNING * * *
You feel sick.
You die...

#.......# #.......#
#.......####
#........... #..b....#
######K#######
#...†......... ....
######.####### ...#
#@#########...#
#.##......#...#.#
#######.##......#...#.#
................+...#.#
#######.##.....†#...#.#
#.#...........#.#
#.#...........#.#
#.#........#....#
..#.............#


You could see a bat and a kobold.

Vanquished Creatures
  2 bats (D:1)
  A rat (D:1)
3 creatures vanquished.

Notes
Turn   | Place    | Note
-------+----------+-------------------------------------------
     0 | D:1      | kae the Tengu Transmuter began the quest for the Orb.
     0 | D:1      | Reached XP level 1. HP: 12/12 MP: 4/4
   119 | D:1      | Succumbed to a kobold's poison

Illustrated notes

Levels and vault maps discovered:
D:1:      nicolae_arrival_memento_mori, layout_basic, hangedman_glass_teeth

Action                   || total
-------------------------++-------
Melee: Unarmed           ||    12
       Kick              ||     1
       Headbutt          ||     1
       Peck              ||     1
 Cast: Beastly Appendage ||     4
Armor: Robe              ||     7
Dodge: Dodged            ||    19

Table legend: (Time is in decaauts)
 A = Elapsed time spent in this place.
 B = Non-inter-level travel time spent in this place.
 C = Inter-level travel time spent in this place.
 D = Time resting spent in this place.
 E = Time spent auto-exploring this place.
 F = Levels seen in this place.
 G = Mean time per level.
                   A        B        C        D        E       F      G
               +--------+--------+--------+--------+--------+-----+--------+
         Total |    118 |    118 |      0 |      0 |     70 |   1 |  118.0 |
       Dungeon |    118 |    118 |      0 |      0 |     70 |   1 |  118.0 |
               +--------+--------+--------+--------+--------+-----+--------+

Top non-repeatable levels by time:
     D:1: 118 daAuts
